 Dungeon Crawl Stone Soup version 0.23-a0-644-gb60d84b (webtiles) character file.

32 Borgoz the Skirmisher (level 3, -2/34 HPs)
             Began as a Hill Orc Abyssal Knight on Jan 1, 2019.
             Was a Follower of Lugonu.
             Slain by a gnoll (4 damage)
             ... on level 1 of the Dungeon.
             The game lasted 00:01:36 (662 turns).

Borgoz the Skirmisher (Hill Orc Abyssal Knight)      Turns: 662, Time: 00:01:37

Health: -2/34      AC:  5    Str: 14    XL:     3   Next: 27%
Magic:  4/4        EV: 10    Int: 12    God:    Lugonu [*.....]
Gold:   47         SH:  0    Dex: 11    Spells: 2/2 levels left

rFire    . . .     SeeInvis .   a - +1 hand axe
rCold    . . .     Gourm    .   (no shield)
rNeg     . . .     Faith    .   e - +0 ring mail
rPois    .         Spirit   .   (no helmet)
rElec    .         Reflect  .   (no cloak)
rCorr    .         Harm     .   (no gloves)
MR       .....                  (no boots)
Stlth    +.........             (no amulet)
HPRegen  0.11/turn              (no ring)
MPRegen  0.09/turn              (no ring)

@: no status effects
A: no striking features
a: Depart the Abyss, Renounce Religion


You were on level 1 of the Dungeon.
You worshipped Lugonu.
Lugonu was aware of your devotion.
You were not hungry.

You visited 1 branch of the dungeon, and saw 2 of its levels.
You visited the Abyss 1 time.

You collected 47 gold pieces.

Inventory:

Hand Weapons
 a - a +1 hand axe (weapon)
Armour
 e - a +0 ring mail (worn)
Scrolls
 h - a scroll of remove curse {unknown}
Potions
 d - a potion of ambrosia {unknown}
 f - a potion of heal wounds {unknown}
 g - a potion of might {unknown}
Comestibles
 b - 2 chunks of flesh
 c - 3 rations


   Skills:
 + Level 4.4 Fighting
 + Level 3.4 Axes
 + Level 2.4 Armour
 + Level 1.0 Dodging
 + Level 2.6 Invocations


You had 2 spell levels left.
You didn't know any spells.
Your spell library was empty.

Dungeon Overview and Level Annotations

Branches:
Dungeon (2/15)

Altars:


Message History

The worm is heavily wounded.
You hit the gnoll but do no damage. The worm barely misses you.
The gnoll misses you.
You barely miss the worm.
The worm is heavily wounded.
You hit the gnoll but do no damage. The gnoll hits you.
* * * LOW HITPOINT WARNING * * *
The worm barely misses you.
You hit the worm but do no damage.
The worm is heavily wounded.
You barely miss the gnoll. The gnoll barely misses you.
Your ring mail prevents you from hitting the worm.
The worm is heavily wounded.
You hit the gnoll but do no damage. The gnoll hits you.
* * * LOW HITPOINT WARNING * * *
The worm bites you but does no damage.
You hit the gnoll but do no damage.
The gnoll is severely wounded.
You hit the worm. The gnoll hits you.
You die...

##...................#........##
......####.....................##
##.#######......................#
#.## ##........................#
#..###.............#............
#..##..#.........###............
##..#..##........###..#...#...##.
.#..#...........gw>..####.#######
....#...##......@.#### #.#
....#..###.....÷†## #.#
....#............# #.#######
....#####........# ######.##.....
....♣ ##.######## #.............
....♣ #.........###..........†..
....♣ ##.##.....................
....♣♣ #.....####................
†....♣ ####### ####.............


You could see a worm and a gnoll.

Vanquished Creatures
  An adder (D:1)
  A dart slug (D:1)
  A leopard gecko (D:1)
  3 bats (D:1)
  2 goblins (D:1)
  2 hobgoblins (D:1)
  4 jackals (D:1)
  A frilled lizard (D:1)
  A kobold (D:1)
  4 rats (D:1)
20 creatures vanquished.

Notes
Turn   | Place    | Note
-------+----------+-------------------------------------------
     0 | Abyss:1  | Borgoz the Hill Orc Abyssal Knight began the quest for the
                  | Orb.
     0 | Abyss:1  | Reached XP level 1. HP: 19/19 MP: 2/2
    15 | Abyss:2  | Noticed a starcursed mass
    16 | D:1      | Escaped the Abyss
    57 | D:1      | Reached * piety under Lugonu
    60 | D:1      | Reached XP level 2. HP: 19/27 MP: 3/3
    61 | D:1      | Reached skill level 4 in Fighting
   576 | D:1      | Reached XP level 3. HP: 32/33 MP: 4/4
   582 | D:1      | Reached skill level 1 in Dodging
   662 | D:1      | Slain by a gnoll

Vault maps used:
D:1:      sevenhm_arrival_forest_fort_large_4, minivault_23
D:2:      trog_three_pillars_becter, uniq_robin
Abyss:2:  hangedman_decor_riveting

Skill      XL: |  1  2  3 |
---------------+----------+-----
Axes           | 3 |  3.4
Fighting       | 4 |  4.4
Dodging        | 1 |  1.0
Armour         | |  2.4
Invocations    | |  2.6

Action                   || total
-------------------------++-------
Melee: Hand axe          ||    75
Invok: Depart the Abyss  ||     1
Armor: Leather armour    ||    20
       Ring mail         ||    24
Dodge: Dodged            ||    82

Table legend:
 A = Non-vault XP
 B = Vault XP
 C = Vault XP percentage of total XP
 D = Non-vault monster count
 E = Vault monster count
 F = Vault count percentage of total count
                 A         B        C        D         E       F
            +---------+---------+-------+---------+---------+-------
      Total |      47 |       0 |   0.0 |      20 |       0 |   0.0
            +---------+---------+-------+---------+---------+-------
        D:1 |      47 |       0 |   0.0 |      20 |       0 |   0.0
            +---------+---------+-------+---------+---------+-------
